 Dungeon Crawl Stone Soup version 0.29.1-1-gd02db6906a (webtiles) character file.

Game seed: 6769625271012546043

83772 croobank the Spry (level 15, -10/114 HPs)
             Began as a Felid Summoner on Oct 22, 2022.
             Was an Initiate of Gozag.
             Shot with a bolt by a naga sharpshooter (25 damage)
             ... on level 2 of the Snake Pit.
             The game lasted 04:44:05 (35763 turns).

croobank the Spry (Felid Summoner)                 Turns: 35763, Time: 04:44:06

Health: -10/114    AC: 27    Str:  4    XL:     15   Next: 33%
Magic:  26/42      EV:  4    Int: 26    God:    Gozag
Gold:   339        SH:  0    Dex: 24    Spells: 3/40 levels left
                                        Lives:  0   Deaths: 4

rFire   + . .      SeeInvis +   (weapon unavailable)
rCold   + + .      Faith    .   (shield unavailable)
rNeg    + . .      Spirit   .   (body armour unavailable)
rPois   +          Reflect  .   (helmet unavailable)
rElec   +          Harm     +   (cloak unavailable)
rCorr   +          Rampage  +   (gloves unavailable)
Will    ++...      NoTele   +   (boots unavailable)
Stlth   ++++......              w - amulet of Niras {RegenMP Harm Rampage Regen+ Dex+6}
HPRegen 1.09/turn               I - ring of Uwkarph {rN+ MP+9 Int+3}
MPRegen 0.68/turn               H - ring of protection from cold

@: tree-form, resistant, studying Transmutations, invisible
A: stationary, stasis, torment immunity, boosted hp, very small, (claws 1),
(fangs 3), see invisible, (speed 1), (shaggy fur 3), (stealthy paws), no weapons
or thrown items, no armour, multi-lived, (horns 1), (cold resistance 1),
MP-powered wands
a: Renounce Religion, Potion Petition, Call Merchant, Bribe Branch


You were on level 2 of the Snake Pit.
You worshipped Gozag.
Gozag was aware of your devotion.
You were a tree.
You visited 5 branches of the dungeon, and saw 23 of its levels.
You also visited: Wizlab.

You collected 8478 gold pieces.
You spent 3188 gold pieces at shops.
You paid 4951 gold pieces to Gozag.

Inventory:

Jewellery
 g - a ring of ice
 o - a +6 ring of dexterity
 w - the amulet of Niras (around neck) {RegenMP Harm Rampage Regen+ Dex+6}
   (You bought it in a shop on level 1 of the Orcish Mines)

   [amulet of magic regeneration]

   It increases your rate of magic regeneration.
   Dex:       It affects your dexterity (+6).
   Regen:     It increases your rate of health regeneration.
   Harm:      It increases damage dealt and taken.
   Rampage:   It bestows one free step when moving towards enemies.
 z - a ring of protection from cold
 A - a ring of protection from cold
 B - the ring "Rasogaett" {Fly rN+ Str-4 Int+3 Dex+2}
   (You found it in a wizard's laboratory)

   [ring of positive energy]

   Str:       It affects your strength (-4).
   Int:       It affects your intelligence (+3).
   Dex:       It affects your dexterity (+2).
   rN:        It protects you from negative energy.
   Fly:       It grants you flight.
 D - an amulet of reflection
 H - a ring of protection from cold (right branch)
 I - the ring of Uwkarph (left branch) {rN+ MP+9 Int+3}
   (You bought it in a shop on level 1 of the Snake Pit)

   [ring of magical power]

   Int:       It affects your intelligence (+3).
   rN:        It protects you from negative energy.
   MP:        It affects your magic capacity (+9).
Wands
 a - a wand of flame (16)
 j - a wand of iceblast (17)
 r - a wand of polymorph (3)
 u - a wand of digging (5)
 C - a wand of charming (6)
Scrolls
 c - 4 scrolls of poison
 f - 3 scrolls of magic mapping
 q - 3 scrolls of noise
 s - 3 scrolls of fog
 t - 3 scrolls of vulnerability
 x - 14 scrolls of teleportation
 y - 7 scrolls of identify
 E - 2 scrolls of immolation
Potions
 b - a potion of ambrosia
 d - 2 potions of cancellation
 e - 2 potions of lignification
 h - 3 potions of attraction
 i - 10 potions of curing
 k - 2 potions of haste
 l - a potion of resistance
 m - 5 potions of flight
 n - 21 potions of mutation
 p - 2 potions of brilliance
 v - a potion of might
 F - a potion of berserk rage
Miscellaneous
 G - a phantom mirror


   Skills:
 + Level 14.9 Fighting
 - Level 19.0 Dodging
 - Level 6.0 Stealth
 + Level 0.4 Unarmed Combat
 + Level 13.2 Spellcasting
 - Level 8.0 Hexes
 + Level 12.5 Summonings
 - Level 5.0 Necromancy
 - Level 5.0 Translocations
 + Level 12.6 Transmutations
 - Level 7.0 Air Magic
 - Level 5.0 Earth Magic


You had 3 spell levels left.
You knew the following spells:

 Your Spells              Type           Power      Damage    Failure   Level
c - Call Canine Familiar  Summ           70%        N/A       1%          3
d - Summon Guardian Gole  Hex/Summ       63%        N/A       1%          3
e - Summon Lightning Spi  Summ/Air       61%        N/A       1%          4
f - Summon Mana Viper     Hex/Summ       63%        N/A       1%          5
g - Summon Cactus Giant   Summ           35%        N/A       3%          6
h - Summon Forest         Summ/Tloc      29%        N/A       2%          5
i - Mephitic Cloud        Conj/Pois/Air  29%        N/A       3%          3
j - Borgnjor's Vile Clut  Necr/Erth      21%        N/A       12%         5
k - Blink                 Tloc           86%        N/A       1%          2
l - Apportation           Tloc           86%        N/A       1%          1

Your spell library contained the following spells:

 Spells                   Type           Power      Damage    Failure   Level
 Necrotise                Necr           100%       1d9       1%          1
 Sandblast                Erth           86%        2d18      1%          1
 Summon Small Mammal      Summ           100%       N/A       1%          1
 Call Imp                 Summ           70%        N/A       1%          2
 Ensorcelled Hibernation  Hex/Ice        74%        N/A       1%          2
 Passwall                 Tmut/Erth      48%        N/A       1%          2
 Static Discharge         Conj/Air       35%        3-8/arc   1%          2
 Wereblood                Tmut           70%        N/A       1%          2
 Dazzling Flash           Conj/Hex       74%        N/A       1%          3
 Gell's Gravitas          Tloc           43%        N/A       1%          3
 Ignite Poison            Fire/Tmut/Pois 39%        N/A       1%          3
 Spider Form              Tmut/Pois      50%        N/A       1%          3
 Teleport Other           Tloc           43%        N/A       1%          3
 Magic Dart               Conj           68%        1d6       3%          1
 Stone Arrow              Conj/Erth      60%        3d10      3%          3
 Ozocubu's Armour         Ice            17%        N/A       10%         3
 Blade Hands              Tmut           35%        N/A       1%          5
 Anguish                  Hex/Necr       25%        N/A       2%          4
 Ice Form                 Ice/Tmut       50%        N/A       2%          4
 Leda's Liquefaction      Hex/Erth       25%        N/A       2%          4
 Summon Ice Beast         Ice/Summ       49%        N/A       2%          4
 Alistair's Intoxication  Tmut/Pois      33%        N/A       7%          5
 Irradiate                Conj/Tmut      25%        3d20      7%          5
 Dragon Form              Tmut           35%        N/A       16%         7
 Monstrous Menagerie      Summ           35%        N/A       17%         7
 Metabolic Englaciation   Hex/Ice        18%        N/A       19%         5
 Lightning Bolt           Conj/Air       17%        1d32      22%         5
 Flame Wave               Conj/Fire      17%        2d7       32%         4
 Eringya's Noxious Bog    Tmut/Pois      25%        N/A       36%         6
 Dispersal                Tloc           21%        N/A       54%         6
 Orb of Destruction       Conj           8%         9d6       100%        7
 Discord                  Hex            28%        N/A       100%        8
 Disjunction              Tloc           21%        N/A       100%        8
 Maxwell's Capacitive Co  Air            26%        ∞         100%        8
 Simulacrum               Ice/Necr       Unusable   N/A       N/A         6

Dungeon Overview and Level Annotations

Branches:
Dungeon (12/15)            Temple (0/1) D:7            Lair (5/5) D:8
  Swamp (0/4) Lair:3        Snake (2/4) Lair:2        Slime (0/5) Lair:4
    Orc (2/2) D:10            Elf (2/3) Orc:2        WizLab (visited)

Altars:
Cheibriados
Dithmenos
Gozag
Kikubaaqudgha
Makhleb
Okawaru
Qazlal
Ru
Uskayaw
Vehumet
Xom
Yredelemnul

Shops:
D:5 (!=[   D:11 ?   D:12 ?   Orc:1 =   Orc:2 ::[*   Snake:1 [[*=

Annotations:
D:12 2 transporters, lonewolfV2's ghost, journeyman GrFi
Lair:4 exclusion: 2 oklob plants
Elf:2 2 runed translucent doors


Innate Abilities, Weirdness & Mutations

You are a tree.
Your roots penetrate the ground, keeping you stationary.
You cannot be teleported.
You are immune to unholy pain and torment.
Your maximum health is greatly increased.
((You have sharp claws.))
((You have razor-sharp teeth.))
You have supernaturally acute eyesight. (SInv)
((You cover ground quickly. (Speed+)))
((Your thick and shaggy fur keeps you warm. (AC +3, rC+)))
((Your paws help you pounce on unaware monsters.))
You are incapable of wielding weapons or throwing items.
You cannot wear armour.
You gain extra lives every three experience levels.
((You have a pair of small horns on your head.))
((Your flesh is cold resistant. (rC+)))
You expend magic power (3 MP) to strengthen your wands.


Message History

g - Guard the area. f - Follow me.
Anything else - Cancel.
Gang up on whom?
Press: ? - help, Dir - move target, f - naga sharpshooter
Aim: a naga sharpshooter, wielding a +0 arbalest of freezing (heavily wounded, not watching you, ally target, magic disrupted) Attack!
Your warg barely misses the naga sharpshooter.
The naga sharpshooter falters for a moment.
What are your orders? t - Creak!
Orders for allies: a - Attack new target. p - Attack previous target. r - Retreat! s - Stop attacking. g - Guard the area. f - Follow me.
Anything else - Cancel.
Gang up on whom?
Press: ? - help, Dir - move target, f/p - naga sharpshooter
Aim: a naga sharpshooter, wielding a +0 arbalest of freezing (heavily wounded, not watching you, ally target, magic disrupted) Attack!
Your warg bites the naga sharpshooter.
The naga sharpshooter shoots a bolt.
The bolt hits your lightning spire!
Your warg bites the naga sharpshooter.
Your cactus giant hits the naga sharpshooter with a +0 giant spiked club!
Your lightning spire is engulfed in blazing flames.
The naga sharpshooter mumbles some strange words.
The naga sharpshooter magically shoots a bolt.
The bolt hits your cactus giant!! The bolt freezes your cactus giant!
Your warg barely misses the naga sharpshooter.
Your lightning spire is engulfed in blazing flames.
Your warg bites the naga sharpshooter!
The naga sharpshooter shoots a bolt.
The bolt hits your warg! The bolt freezes your warg.
Your warg dies!
Your warg's corpse disappears in a puff of smoke!
Casting: Call Canine Familiar (safe; 1% risk of failure)
Confirm with . or Enter, or press ? or * to list all spells.
A mana viper appears with a sibilant hiss.
Your lightning spire is engulfed in blazing flames.
The naga sharpshooter gestures wildly while chanting.
The naga sharpshooter magically shoots a bolt.
The bolt hits you!!
You die...
Your body crumbles into a pile of gold.

#N. ##...<.#....[ ##..
..##....#.####
#.N#####..#.........) $
##.##...##.##.........
#....$...$..#.........
#..#NC...#..##........
#..##.⌠.⌠.##..#........
#..#S..§8☼.#..#........
+..#..♣○.§.#.....##..##
#..#...☼.§.#..#..##..##
#..##.⌠.⌠.##..#..#.....
##..#.....#..##........
...........#.........
#.##...##.##...######
#. #####..###.## #... #
..## #.####... ..#
#...~~~~~


You could see a naga sharpshooter (ally target, magic disrupted), a friendly
mana viper (summoned), a friendly cactus giant (summoned) and a friendly
lightning spire (summoned).

Vanquished Creatures
  2 two-headed ogres (Orc:2)
  A shock serpent (Snake:1)
  4 deep elf knights (Elf:2)
  A sea snake (shapeshifter) (WizLab)
  A deep elf zephyrmancer (Elf:1)
  An orc sorcerer (Orc:2)
  A centaur zombie (D:8)
  A blink frog (Lair:5)
  A blink frog (shapeshifter) (WizLab)
  2 small abominations (WizLab)
  A spriggan (shapeshifter) (WizLab)
  Edmund (D:6)
  An iron golem (WizLab)
  A floating eye (shapeshifter) (WizLab)
  A sky beast (D:6)
  A black bear (shapeshifter) (WizLab)
  2 ogres (Orc:2)
  A phantom (D:5)
  A necrophage (D:6)
  A bullfrog (Lair:4)
  3 electric eels
  A worm (D:3)
  An orc (D:7)
  An endoplasm (D:1)
  2 giant cockroaches (D:4)
  A goblin (D:4)
  A hobgoblin (D:2)
  A quokka (D:4)
  2 ball pythons
  A frilled lizard (D:3)
  An orc zombie (D:10)
41 creatures vanquished.

Vanquished Creatures (collateral kills)
  A mutant beast (WizLab)
  Aizul (Snake:1)
  4 very ugly things (WizLab)
  A deep elf annihilator (Elf:1)
  Snorg (Orc:1)
  A deep elf death mage (Elf:1)
  Josephine (Snake:1)
  A boulder beetle (Lair:3)
  5 hydras
  A salamander tyrant (Snake:2)
  3 catoblepae
  4 ogre magi (Orc:2)
  14 two-headed ogres
  Erica (D:8)
  3 naga warriors
  A dancing weapon (Elf:1)
  3 death yaks (Lair:5)
  An anaconda (Snake:1)
  Urug (D:11)
  3 naga sharpshooters (Snake:2)
  6 deep elf knights (Elf:1)
  Nergalle (Orc:1)
  Sonja (D:11)
  A goliath frog (shapeshifter) (Elf:1)
  A deep troll (shapeshifter) (WizLab)
  A sea snake (Snake:2)
  2 glowing orange brains (shapeshifter) (WizLab)
  A bog body (Lair:3)
  3 deep elf archers (Elf:1)
  2 naga ritualists (Snake:1)
  5 lindwurms
  An orc knight (Orc:2)
  An orc sorcerer (Orc:2)
  3 mana vipers (Snake:1)
  2 manticores (Lair:5)
  15 deep elf pyromancers
  5 ugly things (WizLab)
  10 deep elf zephyrmancers
  An oklob plant (Lair:2)
  A cyclops (D:12)
  A manticore (shapeshifter) (WizLab)
  A shining eye (shapeshifter) (WizLab)
  Maurice (D:8)
  2 salamanders
  2 guardian serpents
  3 naga magi
  6 elephants (Lair:5)
  19 black mambas
  3 centaur zombies (D:8)
  2 torpor snails (Lair:5)
  An unseen horror (shapeshifter) (WizLab)
  8 cane toads
  A cane toad (shapeshifter) (WizLab)
  A kobold demonologist (D:12)
  A rime drake (shapeshifter) (WizLab)
  5 komodo dragons
  2 hellwings (D:8)
  2 trolls (shapeshifter) (WizLab)
  A hornet (shapeshifter) (WizLab)
  8 trolls
  A hornet (D:9)
  A meliai (shapeshifter) (WizLab)
  2 polar bears
  4 blink frogs (Lair:5)
  2 tarantellas (shapeshifter) (WizLab)
  A slime creature (D:10)
  2 blink frogs (shapeshifter) (WizLab)
  5 dream sheep (Lair:5)
  4 shadows
  A spriggan (shapeshifter) (WizLab)
  6 wraiths
  27 yaks
  8 wyverns
  2 humans (shapeshifter) (WizLab)
  A vampire (D:10)
  A steam dragon (D:9)
  A golden eye (shapeshifter) (WizLab)
  3 vampire mosquitoes
  11 basilisks
  4 wargs
  A swamp worm (shapeshifter) (Elf:1)
  A warg (shapeshifter) (WizLab)
  An acid dragon (D:11)
  9 nagas
  A floating eye (shapeshifter) (WizLab)
  7 water moccasins
  8 nameless horrors
  Duvessa (D:7)
  4 floating eyes (WizLab)
  5 large abominations (WizLab)
  13 orc warriors
  2 sky beasts
  2 ice beasts
  7 wolves
  A hornet zombie (D:8)
  4 black bears
  24 ogres
  3 centaurs
  3 phantoms
  7 small abominations (WizLab)
  2 kobold brigands
  8 bullfrogs
  A necrophage (D:4)
  Dowan (D:7)
  4 troll zombies (D:10)
  9 killer bees
  14 howler monkeys
  9 jellies
  3 hounds
  13 orc priests
  3 iguanas
  26 orc wizards
  Natasha (thrice) (D:2)
  2 ogre zombies (D:10)
  6 adders
  6 gnolls
  4 shadow imps (D:8)
  A white imp (D:3)
  A worm (D:4)
  5 dart slugs
  53 orcs
  11 ball pythons
  16 endoplasms
  3 giant cockroaches
  3 hobgoblins
  4 quokkas
  5 bats
  A frilled lizard (D:3)
  9 goblins
  3 goblin skeletons (D:10)
  6 kobolds
  6 orc skeletons (D:10)
  9 orc zombies (D:10)
  2 rats (D:1)
  2 butterflies (D:10)
629 creatures vanquished.

Vanquished Creatures (others)
  A very ugly thing (WizLab)
  4 hydras
  An orc high priest (D:10)
  A deep elf pyromancer (Elf:1)
  2 elephants (Lair:5)
  A gargoyle (D:12)
  A blink frog (Lair:5)
  14 yaks
  A steam dragon (D:7)
  3 vampire mosquitoes (D:12)
  A naga (Snake:2)
  2 large abominations (WizLab)
  An orc warrior (D:7)
  An ice beast (D:5)
  A wolf (Lair:5)
  5 wights (D:7)
  4 killer bees (D:9)
  A howler monkey (D:5)
  3 hounds
  An orc priest (D:7)
  An iguana (D:5)
  A gnoll (D:5)
  An orc (D:7)
  A bush (Lair:5)
  38 fungi
  54 plants
  6 snaplasher vines
  12 withered plants
163 creatures vanquished.

Grand Total: 833 creatures vanquished

Notes
Turn   | Place    | Note
-------+----------+-------------------------------------------
     0 | D:1      | croobank the Felid Summoner began the quest for the Orb.
     0 | D:1      | Reached XP level 1. HP: 7/7 MP: 4/4
    33 | D:1      | Found a faded altar of an unknown god.
   176 | D:1      | Reached skill level 3 in Dodging
   370 | D:1      | Reached XP level 2. HP: 11/11 MP: 4/6
   373 | D:1      | Learned a level 2 spell: Call Imp
  1540 | D:2      | Noticed Natasha
  1550 | D:2      | Noticed a crimson imp
  1562 | D:2      | Noticed a crimson imp
  1562 | D:2      | Killed Natasha
  1563 | D:2      | Reached skill level 1 in Fighting
  1563 | D:2      | Reached XP level 3. HP: 15/15 MP: 2/7
  1567 | D:2      | Learned a level 3 spell: Call Canine Familiar
  1833 | D:2      | Noticed Natasha
  1839 | D:2      | Killed Natasha
  1840 | D:2      | Reached XP level 4. HP: 8/19 MP: 0/8
  2064 | D:2      | Noticed Natasha
  2075 | D:2      | Killed Natasha
  2169 | D:3      | Noticed a black bear
  2202 | D:3      | Reached skill level 4 in Dodging
  2655 | D:3      | Reached XP level 5. HP: 9/22 MP: 0/10
  2979 | D:3      | Killed a black bear
  2980 | D:3      | Reached skill level 5 in Summonings
  3067 | D:3      | Gained mutation: You are covered in thick fur. (AC +2)
                  | [Felid growth]
  3067 | D:3      | Reached XP level 6. HP: 26/27 MP: 5/11
  3189 | D:3      | Found a stormy altar of Qazlal.
  3467 | D:3      | Reached skill level 5 in Dodging
  3826 | D:4      | Found a hide-covered altar of Uskayaw.
  3870 | D:4      | Learned a level 3 spell: Summon Guardian Golem
  3902 | D:4      | Reached XP level 7. HP: 8/31 MP: 9/13
  4360 | D:4      | Found a radiant altar of Vehumet.
  4436 | D:4      | Slain by a black bear
  4437 | D:4      | Reached XP level 6. HP: -4/28 MP: 4/12
  4492 | D:4      | Reached skill level 1 in Hexes
  5028 | D:5      | Entered Level 5 of the Dungeon
  5393 | D:5      | Reached XP level 7. HP: 31/31 MP: 6/14
  5625 | D:5      | Found Dosiar's Jewellery Boutique.
  5642 | D:5      | Found Yligral's Antique Armour Shoppe.
  5815 | D:5      | Found an opulent altar of Gozag.
  5823 | D:5      | Became a worshipper of Gozag Ym Sagoz the Greedy
  5825 | D:5      | Identified the +5 mace "Pugh" {flame, *Rage Str+4 Int+9}
  6015 | D:5      | Found Wemei's Distillery.
  6016 | D:5      | Identified a scroll of acquirement
  6016 | D:5      | Acquired the Lectures on Fetching Air
  6023 | D:5      | Learned a level 4 spell: Summon Lightning Spire
  6030 | D:5      | Bought a potion of invisibility for 112 gold pieces
  6043 | D:5      | Bought a potion of heal wounds for 70 gold pieces
  6102 | D:5      | Found Qacarghau's Antique Weapon Boutique.
  6115 | D:5      | Reached skill level 5 in Stealth
  6695 | D:6      | Reached XP level 8. HP: 36/36 MP: 16/16
  6894 | D:6      | Found a burning altar of Makhleb.
  6927 | D:6      | Found a basalt altar of Yredelemnul.
  6972 | D:6      | Reached skill level 1 in Air Magic
  7038 | D:6      | Noticed Edmund
  7057 | D:6      | Killed Edmund
  7083 | D:6      | Reached skill level 5 in Spellcasting
  7234 | D:6      | Found a sacrificial altar of Ru.
  7288 | D:7      | Reached skill level 5 in Hexes
  7304 | D:7      | HP: 1/36 [something] (8)]
  7625 | D:7      | Slain by a steam dragon
  7626 | D:7      | Reached XP level 7. HP: -1/33 MP: 8/15
  7842 | D:7      | Reached skill level 5 in Fighting
  7883 | D:7      | Reached XP level 8. HP: 36/37 MP: 9/16
  8141 | D:7      | Reached skill level 6 in Dodging
  8271 | D:7      | Found a staircase to the Ecumenical Temple.
  8881 | D:7      | Noticed Duvessa
  8889 | D:7      | Learned a level 5 spell: Summon Mana Viper
  8899 | D:7      | Killed Duvessa
  8901 | D:7      | Noticed Dowan
  8908 | D:7      | Killed Dowan
  9149 | D:8      | Noticed Maurice
  9158 | D:8      | Killed Maurice
  9159 | D:8      | Reached skill level 7 in Dodging
  9159 | D:8      | Reached XP level 9. HP: 29/41 MP: 14/18
  9460 | D:8      | Reached skill level 8 in Dodging
  9573 | D:8      | HP: 2/41 [centaur warrior zombie (2)]
  9781 | D:8      | Noticed a hellwing
  9885 | D:8      | Killed a hellwing
  9956 | D:8      | Found a staircase to the Lair.
  9980 | D:8      | Noticed a nameless horror
 10354 | D:7      | Killed a nameless horror
 10676 | D:8      | Noticed a hellwing
 10801 | D:8      | Killed a hellwing
 10802 | D:8      | Reached skill level 9 in Dodging
 10905 | D:8      | Noticed Erica
 10918 | D:8      | Killed Erica
 10919 | D:8      | Reached XP level 10. HP: 32/46 MP: 3/20
 11032 | D:8      | Found a snail-covered altar of Cheibriados.
 11165 | D:8      | Reached skill level 10 in Dodging
 12100 | D:9      | Reached skill level 5 in Air Magic
 12107 | D:9      | Noticed a nameless horror
 12134 | D:9      | HP: 1/47 [nameless horror[miscasting Summon Mana Viper]
                  | (6)]
 12135 | D:9      | Succumbed to a killer bee's poison
 12136 | D:9      | Reached XP level 9. HP: 0/43 MP: 1/20
 12148 | D:10     | Entered Level 10 of the Dungeon
 12200 | D:11     | Noticed a komodo dragon
 12620 | D:9      | Killed a nameless horror
 12997 | D:9      | Reached skill level 11 in Dodging
 13075 | D:9      | Reached XP level 10. HP: 47/47 MP: 14/21
 13378 | D:9      | Found a shadowy altar of Dithmenos.
 13940 | D:10     | Noticed a two-headed ogre
 13953 | D:10     | Killed a two-headed ogre
 14201 | D:10     | Found a staircase to the Orcish Mines.
 14607 | D:10     | Identified the +10 spear of the Building Lamprey {protect,
                  | Str+3}
 14846 | D:10     | Reached skill level 12 in Dodging
 15087 | D:10     | Found a shimmering altar of Xom.
 15871 | D:11     | Reached XP level 11. HP: 51/51 MP: 12/23
 16100 | D:11     | Found an iron altar of Okawaru.
 16129 | D:11     | Learned a level 1 spell: Apportation
 16158 | D:11     | Noticed a five-headed hydra
 16167 | D:11     | Killed a five-headed hydra
 16180 | D:11     | Noticed Urug
 16195 | D:11     | Killed Urug
 16196 | D:11     | Reached skill level 13 in Dodging
 16322 | D:11     | Found Coupp's Magic Scroll Shoppe.
 16326 | D:11     | Noticed Sonja
 16334 | D:11     | Killed Sonja
 16697 | D:11     | Bought a scroll of teleportation for 48 gold pieces
 16697 | D:11     | Bought a scroll of teleportation for 48 gold pieces
 16697 | D:11     | Bought a scroll of blinking for 120 gold pieces
 16697 | D:11     | Bought a scroll of identify for 32 gold pieces
 17177 | D:12     | Noticed a deep elf zephyrmancer
 17177 | D:12     | Noticed a phantasmal warrior
 17181 | D:12     | Noticed a boulder beetle
 17184 | D:12     | Noticed lonewolfV2's ghost (journeyman GrFi)
 17209 | D:12     | Found a transporter.
 17263 | D:12     | Reached skill level 14 in Dodging
 17267 | D:12     | Identified the +8 arbalest of Liwo {penet, rF+ rN+++ Str-4}
 17382 | D:12     | Found a transporter.
 17405 | D:12     | Found an ancient bone altar of Kikubaaqudgha.
 17714 | D:12     | Found Okusilil's Magic Scroll Boutique.
 17722 | D:12     | Bought a scroll of immolation for 52 gold pieces
 17722 | D:12     | Bought a scroll of vulnerability for 52 gold pieces
 17731 | D:12     | Gained mutation: Your flesh is cold resistant. (rC+)
                  | [potion of mutation]
 17731 | D:12     | Gained mutation: You expend magic power (3 MP) to
                  | strengthen your wands. [potion of mutation]
 17731 | D:12     | Gained mutation: You have a pair of small horns on your
                  | head. [potion of mutation]
 17815 | D:12     | Noticed a four-headed hydra
 17825 | D:12     | Killed a four-headed hydra
 17826 | D:12     | Reached skill level 10 in Summonings
 18566 | Lair:1   | Entered Level 1 of the Lair of Beasts
 18585 | Lair:1   | Gained mutation: Your thick and shaggy fur keeps you warm.
                  | (AC +3, rC+) [Felid growth]
 18585 | Lair:1   | Reached XP level 12. HP: 53/57 MP: 15/25
 18938 | Lair:1   | Reached skill level 15 in Dodging
 19390 | Lair:2   | Reached skill level 1 in Translocations
 19456 | Lair:2   | Noticed a four-headed hydra
 19547 | Lair:2   | Killed a four-headed hydra
 20001 | Lair:2   | Reached skill level 10 in Fighting
 20009 | Lair:2   | Noticed a six-headed hydra
 20012 | Lair:2   | Noticed a catoblepas
 20015 | Lair:2   | Killed a six-headed hydra
 20395 | Lair:2   | Killed a catoblepas
 20396 | Lair:2   | Reached skill level 16 in Dodging
 20745 | Lair:2   | Found a staircase to the Snake Pit.
 21314 | Lair:2   | Got Ydyinoz's Tractate on the Displaced Mountains
 21480 | Lair:3   | Noticed a boulder beetle
 21506 | Lair:3   | Killed a boulder beetle
 21683 | Lair:3   | Reached skill level 5 in Translocations
 21809 | Lair:3   | Found a staircase to the Swamp.
 22256 | Lair:3   | Noticed a five-headed hydra
 22267 | Lair:3   | Killed a five-headed hydra
 22268 | Lair:3   | Reached XP level 13. HP: 62/62 MP: 16/27
 22371 | Lair:3   | Learned a level 4 spell: Summon Ice Beast
 22574 | Lair:3   | Learned a level 3 spell: Mephitic Cloud
 22580 | Lair:3   | Learned a level 5 spell: Borgnjor's Vile Clutch
 22587 | Lair:4   | Found a staircase to the Slime Pits.
 22862 | Lair:4   | Reached skill level 1 in Necromancy
 23553 | Lair:4   | Reached skill level 1 in Earth Magic
 23813 | Lair:5   | Entered Level 5 of the Lair of Beasts
 23836 | Lair:5   | Reached skill level 17 in Dodging
 23845 | Lair:5   | Reached skill level 10 in Spellcasting
 25973 | Lair:5   | Reached skill level 18 in Dodging
 27394 | Lair:5   | Reached XP level 14. HP: 57/67 MP: 1/29
 27656 | Lair:5   | Learned a level 2 spell: Blink
 27882 | Orc:1    | Entered Level 1 of the Orcish Mines
 28326 | Orc:1    | Found Goxio's Jewellery Emporium.
 28336 | Orc:1    | Bought the amulet of Niras {RegenMP Harm Rampage Regen+
                  | Dex+6} for 595 gold pieces
 28517 | Orc:1    | Noticed Snorg
 28526 | Orc:1    | Killed Snorg
 28644 | Orc:1    | Noticed Nergalle
 28668 | Orc:1    | Killed Nergalle
 29119 | Orc:2    | Entered Level 2 of the Orcish Mines
 29183 | Orc:2    | Paralysed by an orc sorcerer for 3 turns
 29184 | Orc:2    | Reached skill level 5 in Necromancy
 29551 | Orc:2    | Found a staircase to the Elven Halls.
 29839 | Orc:2    | Found Haniz's Self-Improvement Boutique.
 29847 | Orc:2    | Bought a manual of Transmutations for 1040 gold pieces
 29892 | Orc:2    | Found Voicog's Book Boutique.
 29892 | Orc:2    | Found Wampuanu's Assorted Antiques.
 29904 | Orc:2    | Reached skill level 19 in Dodging
 29904 | Orc:2    | Reached skill level 5 in Earth Magic
 30080 | Orc:2    | Found Dailuif's Armour Emporium.
 30515 | Orc:2    | Found Niraixkeffy's General Store.
 30527 | Orc:2    | Bought a book of the Wilderness for 494 gold pieces
 30680 | Elf:1    | Entered Level 1 of the Elven Halls
 30705 | Orc:2    | Reached skill level 1 in Transmutations
 30906 | Elf:1    | You fall into a shaft and drop 1 floor!
 30916 | Elf:2    | Found a runed translucent gate.
 30972 | Elf:2    | Found a runed translucent gate.
 31027 | Elf:2    | Paralysed by an air elemental for 1 turns
 31100 | Elf:1    | Reached XP level 15. HP: 73/73 MP: 24/31
 31263 | Elf:1    | Reached skill level 5 in Transmutations
 31485 | Elf:1    | Found a magical portal.
 31500 | WizLab   | Entered Cigotuvi's Fleshworks
 32097 | WizLab   | Paralysed by a floating eye for 4 turns
 32140 | WizLab   | Paralysed by a floating eye for 4 turns
 32161 | WizLab   | Paralysed by a floating eye for 4 turns
 32333 | WizLab   | Got Cigotuvi's Directory of Shapes
 32433 | WizLab   | Noticed Cigotuvi's Monster
 32452 | WizLab   | Killed Cigotuvi's Monster
 32633 | WizLab   | Identified the ring "Rasogaett" {Fly rN+ Str-4 Int+3 Dex+2}
 32817 | Elf:1    | Reached skill level 10 in Transmutations
 33211 | Elf:1    | Got Vehumet's Codex of Bolts
 33616 | Orc:2    | Learned a level 5 spell: Summon Forest
 33626 | Orc:2    | Learned a level 6 spell: Summon Cactus Giant
 33808 | Snake:1  | Entered Level 1 of the Snake Pit
 33910 | Snake:1  | Noticed Josephine
 33919 | Snake:1  | Killed from afar by Josephine
 33920 | Snake:1  | Reached XP level 14. HP: -1/65 MP: 18/31
 34104 | Snake:1  | Reached XP level 15. HP: 76/76 MP: 27/32
 34497 | Snake:1  | Found Fimuu's Armour Emporium.
 34501 | Snake:1  | Found Foexteed's Armour Shoppe.
 34547 | Snake:1  | Noticed Aizul
 34565 | Snake:1  | Killed Aizul
 34702 | Snake:1  | Killed Josephine
 35569 | Snake:1  | Bought the ring of Uwkarph {rN+ MP+9 Int+3} for 525 gold
                  | pieces
 35755 | Snake:2  | HP: 3/76 [themself] (27)]
 35763 | Snake:2  | Shot with a bolt by a naga sharpshooter

Illustrated notes

Levels and vault maps discovered:
D:1:      scummos_arrival_hexagon, layout_basic,
          nicolae_ecumenical_snake_handling, nrook_uturn
D:2:      layout_basic, reono_crystal_passage, minmay_hedge_maze,
          dk_noncrumbling_2, uniq_natasha
D:3:      layout_loops_cross, mainiacjoe_overflow_24_doors
D:4:      layout_loops_ring, nicolae_uskayaw_murder_on_the_dancefloor,
          marbit_many_paths, minmay_tree_intersection
D:5:      layout_loops_ring, grunt_gozag_statues, serial_shops, shop, shop,
          nicolae_shop_statue_plus, nicolae_diamond_shop
D:6:      layout_rooms, mainiacjoe_overflow_alcove_4,
          nicolae_ru_the_path_less_chosen, general_overflow_altar, uniq_edmund
D:7:      layout_loops_ring, temple_statues, kennysheep_cluttered_room,
          minmay_manual_mares, uniq_duvessa
D:8:      cheibrodos_grave_circle, layout_rooms, kennysheep_slug_shrine,
          uniq_erica, uniq_maurice
D:9:      layout_basic, lemuel_crystal_altar, kennysheep_generic_room_9
D:10:     lemuel_slime, layout_stronghold, xom_butterflies, zombieorc1_lemuel,
          enter_bailey_3, minmay_misc_feat_doors
D:11:     layout_cave_pools, serial_shops, shop, kennysheep_okawaru_gauntlet,
          uniq_sonja, uniq_urug
D:12:     layout_small_grid, gammafunk_ghost_arena, serial_shops, shop,
          kiku_gazebo_garden_becter
Lair:1:   layout_roguey
Lair:2:   layout_chaotic_city, guppyfry_snake_entry_garden,
          minmay_lindwurm_lava, serial_bayou_shore_b
Lair:3:   layout_chaotic_city, skrybe_swamp_entry_bodies, st_stairs_13,
          kennysheep_basilisk_garden
Lair:4:   dpeg_oklob_gauntlet, layout_gridlike, slime_entry_1,
          lemuel_fruit_tree, lemuel_fruit_fields
Lair:5:   hangedman_lair_in_review, layout_cellular_growth, serial_bayou_pond_a
Snake:1:  layout_onion, minmay_shoptagon, uniq_josephine, uniq_aizul
Snake:2:  layout_gridlike, gammafunk_ghost_berserking_beasts,
          guppyfry_snake_island, grunt_megastairs_2
Orc:1:    layout_caves, serial_shops, nicolae_shop_statue_plus,
          lightli_volcano_entry_magma_tube, uniq_nergalle, uniq_snorg
Orc:2:    st_orc_ogre_mass, layout_caves, nicolae_shop_self_help
Elf:1:    elf_arrival_002, layout_geoelf_octagon, portal_desolation_entry_ruin,
          infiniplex_enter_wizlab_water, minmay_elf_annihilation
Elf:2:    nicolae_elf_blades_splatter_lattice
          [nicolae_vaults_blade_armed_guards], layout_geoelf_grid

Skill      XL: |  1  2  3  4  5  6  7  8  9 10 11 12 13 14 15 |
---------------+----------------------------------------------+-----
Dodging        | 3 4 5 7 11 12 14 16 18 19 | 19.0
Stealth        | 3 4 5 6 |  6.0
Fighting       | 1 2 3 5 6 8 9 10 11 13 14 | 14.9
Spellcasting   | 3 4 5 7 8 9 10 11 13 | 13.2
Summonings     | 5 6 7 9 10 11 12 | 12.5
Hexes          | 2 4 5 7 8 |  8.0
Air Magic      | 3 4 6 7 |  7.0
Translocations | 5 |  5.0
Necromancy     | 4 5 |  5.0
Earth Magic    | 4 5 |  5.0
Transmutations | 4 12 | 12.6
Unarmed Combat | |  0.4

Action                   |  1- 3 |  4- 6 |  7- 9 | 10-12 | 13-15 || total
-------------------------+-------+-------+-------+-------+-------++-------
Melee: Unarmed           |    11 |    35 |    85 |    44 |    55 ||   230
       Bite              |     1 |     2 |    16 |    11 |    10 ||    40
       Punch             |       |     1 |       |       |       ||     1
       Headbutt          |       |       |       |     2 |    21 ||    23
 Cast: Summon Small Mamm |    41 |    45 |    45 |    60 |    22 ||   213
       Call Imp          |     2 |     9 |    14 |    27 |    21 ||    73
       Call Canine Famil |     2 |    30 |    66 |    44 |    54 ||   196
       Summon Guardian G |       |     4 |    30 |    27 |    42 ||   103
       Summon Lightning  |       |       |    25 |    48 |    97 ||   170
       Summon Mana Viper |       |       |     9 |    70 |   171 ||   250
       Apportation       |       |       |       |     2 |     7 ||     9
       Summon Ice Beast  |       |       |       |       |    60 ||    60
       Summon Cactus Gia |       |       |       |       |    20 ||    20
       Mephitic Cloud    |       |       |       |       |     3 ||     3
       Borgnjor's Vile C |       |       |       |       |    13 ||    13
       Summon Forest     |       |       |       |       |     4 ||     4
Invok: Potion Petition   |       |       |     1 |     2 |     6 ||     9
       Call Merchant     |       |       |       |       |     2 ||     2
Evoke: Wand              |       |       |       |     3 |     8 ||    11
  Use: Scroll            |       |    13 |     6 |     9 |    19 ||    47
       Potion            |       |     1 |     8 |     4 |     7 ||    20
 Stab: Sleeping          |     1 |     1 |     1 |       |     1 ||     4
       Distracted        |       |       |     1 |     1 |     3 ||     5
Armor: Skin              |       |     2 |    10 |     3 |    11 ||    26
Dodge: Dodged            |    20 |    61 |   194 |   197 |   308 ||   780
Block: Other             |       |       |       |     3 |    18 ||    21
